AoeStats
← RustChain13

Arena

505156731Analyzed
4v4 RM · 25d ago on Sep 8, 2026· 36m 29s· 8 players
Game mode
Random Map
Map size
Large (8 player)
Population
200
Speed
Normal
Resources
Standard
Victory
Conquest
Starting age
Dark Age
Ending age
Imperial Age
RankedLock teamsTeams togetherTeam positionsShared explorationLock speedFull tech treeHidden civsTurbo modeCheats
Victory
Defeat
1079
+15
🇨🇳 Persians · China
1063
+15
🇹🇷 Aztecs · Türkiye
1024
+17
🇹🇼 Britons · Taiwan
1010
+17
🇨🇳 Burgundians · China
1085
-18
🇵🇪 Lithuanians · Peru
1081
-17
🇦🇷 Hindustanis · Argentina
1021
-15
🇺🇸 Khmer · United States
989
-14
Thorin escudo de Roble
9:37 Feudal Age
15:31 Castle Age
13:59 Double-Bit Axe
14:29 Horse Collar
16:26 Wheelbarrow
21:27 Heavy Plow
22:26 Hand Cart
28:31 Imperial Age
26:43 Padded Archer Armor
26:44 Scale Mail Armor
27:04 Wagenburg Tactics
27:36 Squires
27:00 Pikeman
29:17 Chemistry
28:38 Ballistics
29:33 Conscription
30:53 Leather Archer Armor
30:49 Forging
30:55 Chain Mail Armor
32:35 Halberdier
35:05 Siege Engineers
jerry80tim
10:59 Feudal Age
16:47 Castle Age
14:58 Double-Bit Axe
16:04 Horse Collar
19:25 Loom
22:40 Bow Saw
24:02 Wheelbarrow
25:30 Gold Mining
25:31 Stone Mining
25:46 Heavy Plow
28:55 Gold Shaft Mining
29:05 Hand Cart
32:59 Imperial Age
30:33 Treadmill Crane
31:05 Masonry
31:05 Fortified Wall
31:16 Ballistics
31:54 Fletching
32:05 Padded Archer Armor
32:05 Scale Mail Armor
32:16 Forging
32:34 Bodkin Arrow
32:53 Forging
32:44 Scale Mail Armor
32:43 Murder Holes
34:48 Two-Man Saw
34:53 Chemistry
34:25 Architecture
34:23 Conscription
33:31 Pikeman
34:51 Yeomen
36:07 Squires
36:09 Bracer
村中一匹狼
9:01 Feudal Age
9:21 Double-Bit Axe
9:32 Horse Collar
12:30 Wheelbarrow
18:08 Castle Age
20:26 Bow Saw
20:18 Heavy Plow
21:25 Hand Cart
26:24 Gold Mining
26:37 Loom
29:03 Gold Shaft Mining
33:07 Imperial Age
30:24 Town Watch
30:48 Scale Barding Armor
30:53 Forging
30:42 Stone Mining
33:04 Chain Barding Armor
33:19 Iron Casting
33:12 Murder Holes
33:28 Masonry
33:40 Ballistics
34:04 Conscription
34:36 Husbandry
34:49 Bloodlines
34:06 Cavalier
35:41 Crop Rotation
35:14 Caravan
36:13 Town Patrol
37:13 Plate Barding Armor
37:38 Blast Furnace
36:17 Savar
Genghis Khan
10:18 Feudal Age
15:37 Castle Age
13:28 Double-Bit Axe
13:42 Horse Collar
18:08 Bow Saw
22:32 Gold Mining
24:03 Gold Shaft Mining
28:35 Imperial Age
26:48 Heavy Plow
26:40 Pikeman
27:26 Squires
27:42 Forging
27:32 Scale Mail Armor
27:18 Treadmill Crane
27:48 Stone Mining
28:16 Eagle Warrior
29:46 Stone Shaft Mining
28:39 Capped Ram
30:04 Siege Ram
30:21 Elite Eagle Warrior
31:49 Iron Casting
32:58 Garland Wars
33:00 Conscription
32:01 Man-at-Arms
32:28 Gambesons
33:01 Chain Mail Armor
32:46 Long Swordsman
33:43 Two-Handed Swordsman
34:38 Champion
36:21 Blast Furnace
35:52 Plate Mail Armor
MACS-X
12:06 Feudal Age
16:00 Castle Age
14:28 Double-Bit Axe
14:25 Horse Collar
16:58 Wheelbarrow
20:56 Fervor
22:11 Loom
25:32 Stone Mining
25:59 Bow Saw
30:23 Imperial Age
27:49 Gold Mining
28:48 Scale Barding Armor
28:54 Forging
29:08 Hand Cart
30:01 Husbandry
30:12 Bloodlines
29:47 Light Cavalry
30:31 Cavalier
31:37 Conscription
33:40 Chain Barding Armor
33:56 Iron Casting
35:44 Plate Barding Armor
34:43 Winged Hussar
35:05 Paladin
35:44 Elite Skirmisher
36:29 Thumb Ring
番茄没有酒
2:19 Loom
3:15 Double-Bit Axe
7:31 Wheelbarrow
9:08 Horse Collar
12:08 Feudal Age
13:06 Wheelbarrow
16:54 Castle Age
15:05 Bow Saw
15:25 Heavy Plow
16:17 Stone Mining
16:18 Town Watch
17:38 Stone Shaft Mining
19:37 Crop Rotation
20:08 Gold Mining
22:20 Hand Cart
22:07 Town Patrol
26:01 Two-Man Saw
26:08 Gold Shaft Mining
26:16 Gold Shaft Mining
33:00 Scale Barding Armor
36:08 Imperial Age
34:47 Fortified Wall
34:45 Scale Mail Armor
PATO BULLRICH
9:27 Loom
11:16 Feudal Age
15:36 Castle Age
13:30 Double-Bit Axe
13:28 Horse Collar
14:11 Stone Mining
17:01 Bow Saw
17:04 Heavy Plow
24:29 Wheelbarrow
23:39 Town Watch
26:52 Hand Cart
30:57 Imperial Age
30:04 Gold Mining
32:44 Chemistry
32:24 Padded Archer Armor
33:01 Shatagni
33:47 Conscription
34:08 Leather Archer Armor
RustChain13
9:13 Feudal Age
13:37 Castle Age
16:03 Horse Collar
16:57 Heavy Plow
27:02 Imperial Age
24:18 Loom
26:18 Wheelbarrow
25:29 Town Watch
25:35 Double-Bit Axe
27:16 Town Patrol
27:57 Hand Cart
28:59 Light Cavalry
30:16 Hussar
31:06 Bloodlines
30:57 Husbandry
31:46 Stone Mining
33:32 Stone Shaft Mining
33:15 Gold Mining
34:39 Elite Ballista Elephant
Connection lost

Rejoining the realm…

Still unreachable

The connection could not be restored.

Session expired

The server has moved on; the page needs a fresh start.